 Dungeon Crawl Stone Soup version 0.28-a0-906-g0406aca7d3 (webtiles) character file.

Game seed: 8180683718738296039

287 gigimoi the Sneak (level 6, -3/39 HPs)
             Began as an Octopode Hedge Wizard on Nov 23, 2021.
             Slain by a gnoll (4 damage)
             ... on level 4 of the Dungeon.
             The game lasted 00:11:22 (4773 turns).

gigimoi the Sneak (Octopode Hedge Wizard)           Turns: 4773, Time: 00:11:22

Health: -3/39      AC:  1    Str: 10    XL:     6   Next: 30%
Magic:  0/11       EV: 13    Int: 18    God:
Gold:   197        SH:  0    Dex: 11    Spells: 7/12 levels left

rFire   . . .      SeeInvis .   n - +3 dagger
rCold   . . .      Faith    .   (no shield)
rNeg    . . .      Spirit   +   b - +0 hat
rPois   .          Reflect  .   c - amulet of guardian spirit
rElec   .          Harm     .   f - ring of resist corrosion
rCorr   +          Rampage  .   (no ring)
Will    .....                   (no ring)
Stlth   ++++......              (no ring)
HPRegen 0.13/turn               (no ring)
MPRegen 0.12/turn               (no ring)
                                (no ring)
                                (no ring)

@: no status effects
A: almost no armour, amphibious, 8 rings, camouflage 1, gelatinous body 1,
(nimble swimmer 1), tentacles
a: no special abilities


You were on level 4 of the Dungeon.
You visited 1 branch of the dungeon, and saw 4 of its levels.

You collected 197 gold pieces.

Inventory:

Hand Weapons
 a - a +0 dagger
 n - a +3 dagger (weapon)
Armour
 b - a +0 hat (worn)
Jewellery
 c - an amulet of guardian spirit (around mantle)
 f - a ring of resist corrosion (left tentacle)
 m - an amulet of faith
Wands
 g - a wand of charming (9)
 q - a wand of flame (19)
Scrolls
 d - 3 scrolls of identify
 h - a scroll of teleportation
 j - 2 scrolls of immolation
 k - a scroll of amnesia {unknown}
 o - a scroll of fear {unknown}
 p - a scroll of enchant weapon {unknown}
 r - a scroll of magic mapping {unknown}
Potions
 e - a potion of might {unknown}
 l - a potion of lignification {unknown}


   Skills:
 + Level 1.8 Fighting
 + Level 2.9 Dodging
 * Level 5.6 Stealth
 + Level 3.5 Spellcasting
 - Level 1.7 Conjurations
 - Level 1.5 Summonings
 * Level 2.5 Translocations


You had 7 spell levels left.
You knew the following spells:

 Your Spells              Type           Power      Damage    Failure   Level
a - Magic Dart            Conj           36%        1d4       8%          1
b - Call Imp              Summ           8%         N/A       13%         2
c - Blink                 Tloc           24%        N/A       9%          2

Your spell library contained the following spells:

 Spells                   Type           Power      Damage    Failure   Level
 Slow                     Hex            12%        N/A       16%         1
 Gell's Gravitas          Tloc           12%        N/A       16%         3
 Lesser Beckoning         Tloc           12%        N/A       16%         3
 Teleport Other           Tloc           12%        N/A       16%         3
 Conjure Flame            Conj/Fire      6%         6-21      32%         3
 Mephitic Cloud           Conj/Pois/Air  5%         N/A       36%         3
 Confusing Touch          Hex            3%         N/A       43%         3
 Yara's Violent Unravell  Hex/Tmut       1%         3d3       99%         5
 Chain Lightning          Conj/Air       3%         3d4       100%        9
 Fire Storm               Conj/Fire      3%         8d1       100%        9
 Shatter                  Erth           1%         3d6*      100%        9


Dungeon Overview and Level Annotations

Branches:
Dungeon (4/15)
 Temple: D:4-7

Altars:

Annotations:
D:4 Duvessa


Innate Abilities, Weirdness & Mutations

You cannot wear most types of armour.
You are amphibious.
You can wear up to eight rings at the same time.
Your skin changes colour to match your surroundings (Stealth+).
Your rubbery body absorbs attacks. (AC +1, EV +1)
((You are camouflaged near water. (Stealth+)))
You have tentacles for arms and can constrict up to eight enemies at once.


Message History

You miss something. Something hits you.
You closely miss something. Your squeeze misses something.
Something barely misses you.
You hit something but do no damage. Something hits you.
You closely miss something.
You hear a shout!
Something hits you.
You swap places.
A gnoll comes into view. It is wielding a +0 flail.
Something hits your white imp.
You swap places.
You hear some strange, mumbled words.
Something tries to affect you, but you resist.
The gnoll hits you from afar with a +0 spear.
The gnoll closely misses your white imp.
You hit something. Something hits you.
The gnoll hits you from afar with a +0 spear.
The gnoll barely misses your white imp.
You miss something. Something hits you. The gnoll misses your white imp.
The gnoll closely misses you.
You barely miss something. Something hits you.
* * * LOW HITPOINT WARNING * * *
The gnoll hits you from afar with a +0 spear!
* * * LOW HITPOINT WARNING * * *
The gnoll hits your white imp with a +0 flail!
Your white imp hits the gnoll.
Your white imp freezes the gnoll.
You hit something. Something hits you.
* * * LOW HITPOINT WARNING * * *
The gnoll closely misses your white imp.
The gnoll closely misses you.
Your white imp hits the gnoll but does no damage.
You closely miss something. Something hits you.
* * * LOW HITPOINT WARNING * * *
The gnoll completely misses you.
The gnoll hits your white imp with a +0 flail.
Your white imp dies!
Your white imp disappears in a puff of smoke!
You hit something. Something hits you.
The gnoll hits you from afar with a +0 spear.
You die...

######
###......
#g...g...
#g# #@#
#{# #o#
#o# #.#
#.# #.#
.## #.#
..#
######
#.#


You could see 2 gnolls and 2 orcs.

Vanquished Creatures
  Eustachio (D:4)
  Dowan (D:4)
  2 adders
  3 dart slugs
  3 endoplasms
  A giant cockroach (D:3)
  4 goblins
  9 hobgoblins
  4 jackals (D:2)
  3 quokkas (D:1)
  7 ball pythons
  9 bats
  3 frilled lizards
  7 kobolds
  6 rats
63 creatures vanquished.

Vanquished Creatures (collateral kills)
  An adder skeleton (D:4)
  2 worms (D:3)
  2 dart slugs
  An orc (D:4)
  An endoplasm (D:3)
7 creatures vanquished.

Vanquished Creatures (others)
  2 plants (D:4)
2 creatures vanquished.

Grand Total: 72 creatures vanquished

Notes
Turn   | Place    | Note
-------+----------+-------------------------------------------
     0 | D:1      | gigimoi the Octopode Hedge Wizard began the quest for the
                  | Orb.
     0 | D:1      | Reached XP level 1. HP: 11/11 MP: 4/4
   160 | D:1      | Reached skill level 3 in Stealth
   176 | D:1      | Reached XP level 2. HP: 12/17 MP: 0/6
   558 | D:1      | Reached XP level 3. HP: 12/22 MP: 0/7
   851 | D:1      | You fall into a shaft and drop 1 floor!
  1005 | D:1      | Found a faded altar of an unknown god.
  1669 | D:2      | Reached skill level 4 in Stealth
  1978 | D:2      | Reached XP level 4. HP: 21/27 MP: 0/8
  2048 | D:2      | Learned a level 2 spell: Call Imp
  2051 | D:2      | Learned a level 2 spell: Blink
  2059 | D:2      | You fall into a shaft and drop 1 floor!
  2077 | D:3      | Reached skill level 1 in Fighting
  3065 | D:3      | Found Loupoes's Antique Weapon Emporium.
  4069 | D:4      | Noticed Dowan
  4071 | D:4      | Noticed Duvessa
  4074 | D:4      | Killed Dowan
  4075 | D:4      | Reached skill level 5 in Stealth
  4075 | D:4      | Reached XP level 5. HP: 18/33 MP: 2/10
  4400 | D:4      | Noticed Eustachio
  4435 | D:4      | HP: 1/33 [river rat[Eustachio] (1)]
  4436 | D:4      | Killed Eustachio
  4437 | D:4      | Reached XP level 6. HP: 2/39 MP: 0/11
  4772 | D:4      | HP: 1/39 [something (3)]
  4773 | D:4      | Slain by a gnoll

Illustrated notes

Levels and vault maps discovered:
D:1:      tarquinn_simple_flora_water_d, layout_rooms,
          shapermc_ecumenical_altar_mp_urbaneastern
D:2:      layout_basic, minmay_heptomino_h4
D:3:      layout_loops_corners, serial_shops, shop, kennysheep_nondescript
D:4:      layout_rooms, mainiacjoe_overflow_surrounded_room, roderic_lattice_a,
          serial_bayou_crossing, uniq_duvessa, uniq_menkaure, uniq_eustachio

Skill      XL: |  1  2  3  4  5 |
---------------+----------------+-----
Stealth        | 3 4 5 |  5.6
Fighting       | 1 |  1.8
Translocations | 2 |  2.5
Dodging        | |  2.9
Spellcasting   | |  3.5
Conjurations   | |  1.7
Summonings     | |  1.5

Action                   |  1- 3 |  4- 6 || total
-------------------------+-------+-------++-------
Melee: Dagger            |    18 |    32 ||    50
       Constrict         |     6 |     5 ||    11
       Tentacles         |     4 |     2 ||     6
 Cast: Magic Dart        |   110 |    46 ||   156
       Call Imp          |       |    19 ||    19
  Use: Scroll            |       |     4 ||     4
       Potion            |       |     1 ||     1
 Stab: Sleeping          |       |     2 ||     2
Armor: Skin              |     5 |     3 ||     8
Dodge: Dodged            |    11 |    34 ||    45

Table legend: (Time is in decaauts)
 A = Elapsed time spent in this place.
 B = Non-inter-level travel time spent in this place.
 C = Inter-level travel time spent in this place.
 D = Time resting spent in this place.
 E = Time spent auto-exploring this place.
 F = Levels seen in this place.
 G = Mean time per level.
                   A        B        C        D        E       F      G
               +--------+--------+--------+--------+--------+-----+--------+
         Total |   4774 |   4665 |    109 |   2216 |   1844 |   4 | 1193.5 |
       Dungeon |   4774 |   4665 |    109 |   2216 |   1844 |   4 | 1193.5 |
               +--------+--------+--------+--------+--------+-----+--------+

Top non-repeatable levels by time:
     D:3: 1576 daAuts
     D:1: 1353 daAuts
     D:4: 990 daAuts
     D:2: 853 daAuts
